 Dungeon Crawl Stone Soup version 0.23.0-3-gf3c87f2 (webtiles) character file.

Game seed: 14549309795389904740

2583 misha the Spear-Bearer (level 9, 0/72 HPs)
             Began as a Merfolk Berserker on Feb 24, 2019.
             Was a Priest of Trog.
             Slain by a warg (7 damage)
             ... on level 9 of the Dungeon.
             The game lasted 00:34:56 (9717 turns).

misha the Spear-Bearer (Merfolk Berserker)          Turns: 9717, Time: 00:34:56

Health: 0/72       AC:  5    Str: 21      XL:     9   Next: 58%
Magic:  9/9        EV: 16    Int:  6      God:    Trog [***...]
Gold:   452        SH:  2    Dex: 12 (13) Spells: 8/8 levels left

rFire    + + .     SeeInvis .   b - +1 spear (pain)
rCold    . . .     Gourm    .   (no shield)
rNeg     . . .     Faith    .   P - +0 robe {rF+}
rPois    .         Spirit   .   (no helmet)
rElec    .         Reflect  +   (no cloak)
rCorr    .         Harm     .   n - +2 pair of gloves
MR       .....                  (no boots)
Stlth    ++++......             h - +2 amulet of reflection
HPRegen  0.22/turn              j - ring of protection from fire
MPRegen  0.11/turn              (no ring)

@: berserk cooldown, slowed, very slow
A: change form in water, swift swim, stealthy swim
a: Berserk, Trog's Hand, Renounce Religion


You were on level 9 of the Dungeon.
You worshipped Trog.
Trog was most pleased with you.
You were hungry.

You visited 1 branch of the dungeon, and saw 9 of its levels.

You collected 452 gold pieces.

Inventory:

Hand Weapons
 a - a +0 dagger of freezing
 b - a +1 spear of pain (weapon)
 A - a +0 spear
Missiles
 p - 174 arrows
 v - 74 stones (quivered)
 C - 19 bolts
 I - 32 poisoned needles
Armour
 g - a +1 ring mail
 n - a +2 pair of gloves (worn)
 u - a +0 animal skin
 w - a +0 crystal plate armour
 P - a +0 robe of fire resistance (worn)
Jewellery
 h - a +2 amulet of reflection (around neck)
 j - a ring of protection from fire (left hand)
 x - an uncursed ring of ice {unknown}
 D - the amulet of Kureqiqa {Inacc rC- Str+9 Int+4, unknown}
   (You found it on level 6 of the Dungeon)

   [amulet of inaccuracy]

   It reduces the accuracy of all your attacks.
   It affects your strength (+9).
   It affects your intelligence (+4).
   It makes you vulnerable to cold.
 K - an uncursed ring of protection from fire
Wands
 o - a wand of iceblast (9)
 t - a wand of paralysis (13)
 L - a wand of random effects (14)
 M - a wand of enslavement (7)
 N - a wand of polymorph (5)
 Q - a wand of flame (17)
Scrolls
 d - 2 scrolls of teleportation
 e - 3 scrolls of amnesia
 f - 3 scrolls of enchant armour
 k - 2 scrolls of immolation {unknown}
 m - a scroll of noise
 q - 2 scrolls of fear {unknown}
 y - 2 scrolls of remove curse
 G - 2 scrolls of random uselessness {unknown}
 J - 2 scrolls of identify
Potions
 i - a potion of mutation
 l - 2 potions of brilliance
 r - 2 potions of haste
 s - a potion of lignification
 z - a potion of degeneration
 B - a potion of invisibility
 E - a potion of cancellation {unknown}
 F - 2 potions of curing {unknown}
 H - a potion of might {unknown}
 O - 2 potions of flight {unknown}
 R - 2 potions of agility {unknown}
Comestibles
 c - 4 rations


   Skills:
 + Level 7.6 Fighting
 + Level 10.1 Polearms
 - Level 1.5 Armour
 + Level 8.4 Dodging
 + Level 7.8 Stealth


You had 8 spell levels left.
You didn't know any spells.
Your spell library contained the following spells:

 Spells                   Type           Power        Failure   Level  Hunger
 Sting                    Conj/Pois      #...         45%         1    ##.....
 Force Lance              Conj/Tloc      #.......     99%         4    #####..
 Throw Icicle             Conj/Ice       #.......     99%         4    #####..
 Bolt of Magma            Conj/Fire/Erth #.........   100%        5    ######.
 Bolt of Fire             Conj/Fire      #.........   100%        6    #######


Dungeon Overview and Level Annotations

Branches:
Dungeon (9/15)             Temple (0/1) D:6
   Lair: D:8-11         Orc: D:9-12

Altars:
Ashenzari
Cheibriados
Hepliaklqana
Makhleb
Qazlal
Uskayaw
Vehumet
Wu Jian
Zin

Shops:
D:5 *


Message History

The warg is moderately wounded.
The warg misses you.
You hit the warg.
The warg is moderately wounded.
The warg barely misses you. The warg misses you.
You barely miss the warg.
The warg is moderately wounded.
The warg bites you!
* * * LOW HITPOINT WARNING * * *
You hit the warg.
The warg is moderately wounded.
The warg completely misses you.
You hit the warg but do no damage.
The warg is moderately wounded.
The warg bites you!
* * * LOW HITPOINT WARNING * * *
You hit the warg but do no damage.
The warg is moderately wounded.
The warg bites you!
You die...

#.........?#
#..........###
#............. .
..........(# .#
#..........# .#
##......=..## ..#
............## ..
..$..........#####.#
#..........#.††.@h.#
#..........#######...#
#..........# ...#
##....<...## #.#
.............. ..
############## #


You could see a warg.

Vanquished Creatures
  3 wargs (D:9)
  A water moccasin (D:6)
  2 ice beasts (D:5)
  A phantom (D:8)
  A necrophage (D:7)
  An ogre (D:7)
  2 centaurs (D:6)
  A big kobold (D:7)
  2 bullfrogs
  4 scorpions
  3 wights (D:7)
  3 crimson imps
  A centaur zombie (D:6)
  A quasit (D:8)
  5 hounds
  4 jellies
  An orc priest (D:6)
  A bullfrog skeleton (D:8)
  Ijyb (D:3)
  Jessica (D:3)
  3 orc wizards
  3 iguanas
  Natasha (twice) (D:3)
  2 worker ants
  9 adders
  3 gnolls (D:8)
  A shadow imp (D:7)
  An ooze (D:3)
  An adder skeleton (D:5)
  2 worms
  3 dart slugs
  3 leopard geckos
  8 orcs
  8 giant cockroaches
  3 goblins
  3 hobgoblins
  16 jackals
  3 quokkas
  4 bats
  5 frilled lizards
  11 kobolds
  A leopard gecko skeleton (D:4)
  2 quokka zombies
  4 rats
140 creatures vanquished.

Notes
Turn   | Place    | Note
-------+----------+-------------------------------------------
     0 | D:1      | misha the Merfolk Berserker began the quest for the Orb.
     0 | D:1      | Reached XP level 1. HP: 18/18 MP: 1/1
   396 | D:1      | Reached XP level 2. HP: 24/24 MP: 2/2
   934 | D:2      | Reached skill level 5 in Polearms
   956 | D:2      | Found a glowing silver altar of Zin.
  1140 | D:2      | Reached XP level 3. HP: 30/30 MP: 3/3
  1584 | D:3      | Reached skill level 1 in Stealth
  1861 | D:3      | Noticed Jessica
  1877 | D:3      | Reached XP level 4. HP: 37/37 MP: 4/4
  1880 | D:3      | Reached ** piety under Trog
  1903 | D:3      | Killed Jessica
  2119 | D:3      | Reached XP level 5. HP: 38/42 MP: 5/5
  2248 | D:3      | Noticed Natasha
  2259 | D:3      | Killed Natasha
  2294 | D:3      | Noticed Natasha
  2385 | D:3      | Noticed Ijyb
  2409 | D:3      | Killed Ijyb
  2409 | D:3      | Reached skill level 6 in Polearms
  2592 | D:3      | Killed Natasha
  2592 | D:3      | Reached XP level 6. HP: 40/49 MP: 6/6
  2802 | D:4      | Found a snail-covered altar of Cheibriados.
  3077 | D:4      | Found a burning altar of Makhleb.
  3804 | D:5      | Entered Level 5 of the Dungeon
  3872 | D:5      | Found a snail-covered altar of Cheibriados.
  3917 | D:5      | Noticed an ice beast
  3932 | D:5      | Killed an ice beast
  3932 | D:5      | Reached XP level 7. HP: 55/55 MP: 7/7
  4049 | D:5      | Reached skill level 5 in Fighting
  4133 | D:5      | Reached skill level 7 in Polearms
  4133 | D:5      | Reached skill level 5 in Dodging
  4494 | D:5      | Found Bifuph's General Store.
  4578 | D:5      | Reached skill level 5 in Stealth
  5405 | D:6      | Got a pitted lead amulet
  5517 | D:6      | Identified the Guide on Combat Magic
  5561 | D:6      | Reached XP level 8. HP: 64/64 MP: 8/8
  5895 | D:6      | Reached *** piety under Trog
  5895 | D:6      | Reached skill level 8 in Polearms
  6176 | D:6      | Found a staircase to the Ecumenical Temple.
  6618 | D:6      | Found a stormy altar of Qazlal.
  6618 | D:6      | Found a radiant altar of Vehumet.
  6621 | D:6      | Found a shattered altar of Ashenzari.
  7303 | D:5      | Paralysed by fainting for 8 turns
  7357 | D:5      | Paralysed by fainting for 9 turns
  7371 | D:5      | Paralysed by fainting for 10 turns
  7388 | D:5      | Paralysed by fainting for 7 turns
  7615 | D:7      | Reached skill level 9 in Polearms
  7789 | D:7      | Reached XP level 9. HP: 67/71 MP: 9/9
  8418 | D:7      | Found an ornate altar of the Wu Jian Council.
  8418 | D:7      | Found a hazy altar of Hepliaklqana.
  9463 | D:8      | Found a hide-covered altar of Uskayaw.
  9696 | D:9      | Reached skill level 10 in Polearms
  9717 | D:9      | Slain by a warg

Skill      XL: |  1  2  3  4  5  6  7  8  9 |
---------------+----------------------------+-----
Polearms       | 5 6 7 9 10 | 10.1
Dodging        | 3 4 5 7 8 |  8.4
Stealth        | 1 2 3 4 5 6 7 |  7.8
Fighting       | 4 5 6 7 |  7.6
Armour         | |  1.5

Action                   |  1- 3 |  4- 6 |  7- 9 || total
-------------------------+-------+-------+-------++-------
Melee: Spear             |   190 |   265 |   532 ||   987
       Dagger            |       |       |    75 ||    75
Invok: Berserk           |     1 |     1 |     4 ||     6
       Trog's Hand       |       |     1 |     1 ||     2
Evoke: Wand              |       |       |    12 ||    12
  Use: Scroll            |     3 |       |     9 ||    12
       Potion            |       |       |     1 ||     1
 Stab: Sleeping          |       |     3 |     4 ||     7
       Paralysed         |       |       |     1 ||     1
  Eat: Chunk             |     3 |     2 |    12 ||    17
       Ration            |       |     2 |     3 ||     5
Armor: Animal skin       |     2 |       |       ||     2
       Ring mail         |    77 |    64 |       ||   141
       Crystal plate arm |       |    14 |   236 ||   250
       Skin              |       |       |    22 ||    22
       Robe              |       |       |    20 ||    20
Dodge: Dodged            |   152 |   110 |   173 ||   435
Block: Other             |       |     9 |    16 ||    25
